gjfgd, lawful male human Knight --------- G.. ...| -..---.--- |.<..|...| --...--..-- |........| |-....G..| |....h.@.| --......G------- ------ -- - |.......(........................(| --...---------- ----- -- -- --.-- |.| |.| |.| |.- |. |. --- gjfgd the Esquire Experience level: 5 Strength: 15 Dexterity: 12 Constitution: 11 Intelligence: 7 Wisdom: 14 Charisma: 16 Health: 0(34) Energy: 30(30) Def: 10 Gold: 101 Moves: 1746 Dungeon seed: dFJwyEittknLuu2L Game ID: gjfgd_1465740579 Your Inventory: Coins $ - 101 gold pieces Weapons a - a +2 long sword (weapon in hand) b - a +1 lance Armor e - an uncursed +1 ring mail (being worn) l - a cursed -1 pair of low boots (being worn) n - an uncursed +0 helmet (being worn) q - an uncursed +0 small shield (being worn) r - an uncursed +0 pair of leather gloves (being worn) y - an uncursed +0 cloak of protection (being worn) Comestibles c - 8 uncursed apples d - 12 uncursed carrots g - 3 uncursed food rations t - 2 uncursed fortune cookies u - an uncursed pear Potions i - an uncursed potion of levitation Wands w - a wand of opening (0:4) Tools s - an uncursed tin whistle Gems z - 2 uncursed worthless pieces of black glass N - 2 uncursed jasper stones Y - 2 uncursed worthless pieces of red glass Spells and supernatural/magical abilities: Name Level Category Fail Memory W - pray for help -- divine ? -- X - turn undead -- divine ? -- Y - supernatural jump -- ability ? -- Your skills at the end: Fighting Skills riding [Basic] Weapon Skills long sword [Basic] lance [Basic] Spellcasting Skills Final Attributes: You were piously aligned. You could jump. You were protected. You are dead. Vanquished creatures: a small mimic a bugbear a gnome lord 3 gnomish wizards a rabid rat 2 gas spores a giant rat 11 gnomes 3 jackals 3 goblins 3 grid bugs 2 lichens 4 kobold zombies 5 newts 41 creatures vanquished. Voluntary challenges: You were an atheist. You used a wielded weapon 61 times, starting on turn 1. You read items or engraved 1 time, starting on turn 1717. You never genocided any monsters. You never polymorphed an object. You never changed form. You used no wishes. You never split a pudding. You never wrote Elbereth's name. You never violated your personal moral code. Dungeon overview: The Dungeons of Doom: levels 1 to 2 Level 1 a fountain a long staircase Level 2 an armor shop stairs to The Gnomish Mines The Gnomish Mines: levels 3 to 4 Level 3 stairs to The Dungeons of Doom Level 4 <- You were here History has recorded: On T:1 you entered the Dungeons of Doom to retrieve the Amulet of Yendor! On T:257 you advanced to experience level 2. On T:364 you reached level 2 of The Dungeons of Doom. On T:600 you advanced to experience level 3. On T:737 you reached level 1 of The Gnomish Mines. On T:766 you advanced to experience level 4. On T:1204 you advanced to experience level 5. On T:1685 you reached level 2 of The Gnomish Mines. Score breakdown: Gold: 101 ( 6832 points) Experience: 5 levels (11141 points) Exploration: 4 levels ( 7.69%) ( 7276 points) Discoveries: 3 items ( 1.22%) ( 3312 points) Valuables value: (no points given unless you survive) Artifact value: 0 ( 0 points) Variety of kills: 14 monsters ( 3.67%) ( 5750 points) Turncount: 1746 turns ( 0 points) Survival: died (score multiplied by 80%) Total score: 27448 Latest messages: The bugbear hits! You hear a distant squeak. You are beginning to feel hungry. You kill the bugbear! The gnome hits! You kill the gnome! You see here a bugbear corpse. You kill the gnome! You hit the gnome! You miss the gnome. The gnome hits! The gnome lord misses. You miss the gnome lord. The gnome lord hits! The gnome hits! You feel more confident in your weapon skills. You hit the gnome lord! You hit the gnome lord. The gnome lord drinks an effervescent potion! The gnome lord looks completely healed. The gnome hits! You die... Final status: Fare thee well gjfgd the Knight, killed by a gnome... You died in The Gnomish Mines on dungeon level 4 with 27448 points, and 101 pieces of gold, after 1746 moves. You were level 5 with a maximum of 34 hit points when you died.